 Dungeon Crawl Stone Soup version 0.28.0-55-gcd9437bce4 (webtiles) character file.

Game seed: 14712696847134307066

42 AarnesTheHuman the Shield-Bearer (level 3, -2/35 HPs)
             Began as a Gnoll Fighter on Jan 2, 2023.
             Slain by Sigmund
             ... wielding a +0 scythe
              (9 damage)
             ... on level 2 of the Dungeon.
             The game lasted 00:01:17 (1536 turns).

AarnesTheHuman the Shield-Bearer (Gnoll Fighter)    Turns: 1536, Time: 00:01:18

Health: -2/35      AC:  7    Str: 17    XL:     3   Next: 56%
Magic:  4/4        EV:  9    Int:  7    God:
Gold:   66         SH:  5    Dex: 11    Spells: 3/3 levels left

rFire   . . .      SeeInvis .   a - +0 war axe
rCold   . . .      Faith    .   c - +0 buckler
rNeg    . . .      Spirit   .   b - +0 scale mail
rPois   .          Reflect  .   (no helmet)
rElec   .          Harm     .   (no cloak)
rCorr   .          Rampage  .   (no gloves)
Will    .....                   (no boots)
Stlth   ..........              (no amulet)
HPRegen 0.11/turn               (no ring)
MPRegen 0.09/turn               (no ring)

@: no status effects
A: fangs 1, strong nose, distributed training
a: no special abilities


You were on level 2 of the Dungeon.
You visited 1 branch of the dungeon, and saw 4 of its levels.

You collected 66 gold pieces.

Inventory:

Hand Weapons
 a - a +0 war axe (weapon)
 f - a +0 dagger
Missiles
 g - 32 stones (quivered)
 h - 2 poisoned darts
 i - 4 curare-tipped darts
Armour
 b - a +0 scale mail (worn)
 c - a +0 buckler (worn)
Potions
 d - a potion of might
 e - 2 potions of curing {unknown}
 j - a potion of haste {unknown}


   Skills:
 + Level 6.5 Fighting
 + Level 0.8 Short Blades
 + Level 0.8 Long Blades
 + Level 4.5 Axes
 + Level 0.8 Maces & Flails
 + Level 0.8 Polearms
 + Level 0.8 Staves
 + Level 0.8 Slings
 + Level 0.8 Bows
 + Level 0.8 Crossbows
 + Level 0.8 Throwing
 + Level 6.5 Armour
 + Level 0.8 Dodging
 + Level 0.8 Stealth
 + Level 6.5 Shields
 + Level 0.8 Unarmed Combat
 + Level 0.8 Spellcasting
 + Level 0.5 Conjurations
 + Level 0.5 Hexes
 + Level 0.5 Summonings
 + Level 0.5 Necromancy
 + Level 0.5 Translocations
 + Level 0.5 Transmutations
 + Level 0.5 Fire Magic
 + Level 0.5 Ice Magic
 + Level 0.5 Air Magic
 + Level 0.5 Earth Magic
 + Level 0.5 Poison Magic
 + Level 1.0 Invocations
 + Level 0.8 Evocations


You had 3 spell levels left.
You didn't know any spells.
Your spell library contained the following spells:

 Spells                   Type           Power      Damage    Failure   Level
 Frozen Ramparts          Ice            2%         1d2       98%         3
 Ice Form                 Ice/Tmut       1%         N/A       100%        4
 Summon Ice Beast         Ice/Summ       1%         N/A       100%        4


Dungeon Overview and Level Annotations

Branches:
Dungeon (4/15)
 Temple: D:4-7

Altars:

Annotations:
D:2 Sigmund


Innate Abilities, Weirdness & Mutations

You have very sharp teeth.
Your uncanny sense of smell can sniff out nearby items.
Your experience applies equally to all skills.


Message History

No target in view!
No target in view!
No target in view!
No target in view!
No target in view!
No target in view!
No target in view!
No target in view!
No target in view!
No target in view!
No target in view!
You see here a quokka corpse.
Sigmund the Dreaded comes into view.
He is wielding a +0 scythe and wearing a +1 robe of fire resistance.
Sigmund shouts!
You hear an angry hiss.
An adder comes into view.
There are monsters nearby!
Sigmund hits you from afar with a +0 scythe.
Sigmund barely misses you.
You hit Sigmund but do no damage. Your bite misses Sigmund. You slash Sigmund!
Sigmund is moderately wounded.
Sigmund barely misses you.
You closely miss Sigmund.
Sigmund is moderately wounded.
Sigmund mumbles some strange words.
Sigmund flickers and vanishes!
Deactivating autopickup; reactivate with Ctrl-A.
Something hits you!
You closely miss something. Your bite misses something. You miss something.
Your bite misses something. Something hits you.
You completely miss something. Something hits you.
You hit something. Something hits you.
You miss something. Your bite misses something.
Something hits you but does no damage.
You hit something but do no damage. Something hits you.
* * * LOW HITPOINT WARNING * * *
You hit something but do no damage. You closely miss something.
Something hits you but does no damage.
You slash something! Something hits you!
You die...

#.#####....##.## #.#
#.#......#.....##
#.#
#...####.#.##...#
#.#
...#####.#.##.#.#
#.#
...##..........†#
..#
...##........##.##.#
...##..>.....##....#
...##........##.#..#
.............##.@.##
...###....#######{#
...# ####.. S.# ...#
### ..# ...# ..#
#### ###


You could see an adder.

Vanquished Creatures
  An adder (D:2)
  A dart slug (D:1)
  6 bats
  4 endoplasms
  5 goblins (D:1)
  3 quokkas (D:2)
  5 ball pythons
  2 frilled lizards (D:1)
  A kobold (D:2)
  A rat (D:1)
29 creatures vanquished.

Notes
Turn   | Place    | Note
-------+----------+-------------------------------------------
     0 | D:1      | AarnesTheHuman the Gnoll Fighter began the quest for the
                  | Orb.
     0 | D:1      | Reached XP level 1. HP: 23/23 MP: 1/1
   416 | D:1      | Reached XP level 2. HP: 29/29 MP: 2/2
   753 | D:1      | Found a faded altar of an unknown god.
  1167 | D:2      | You fall into a shaft and drop 2 floors!
  1184 | D:3      | Reached XP level 3. HP: 34/35 MP: 3/3
  1265 | D:2      | Reached skill level 1 in Invocations
  1522 | D:2      | Noticed Sigmund
  1536 | D:2      | Slain by Sigmund

Illustrated notes

Levels and vault maps discovered:
D:1:      dpeg_cavernosity, layout_basic,
          shapermc_ecumenical_altar_mp_highgroup, st_stairs_13,
          item_on_display_b
D:2:      layout_rooms, uniq_sigmund
D:3:      layout_basic, old_standard_altar, nicolae_elyvilon_peaceful_grove,
          minmay_misc_feat_chi, chequers_serial_rivers_marsh
D:4:      layout_cave_pools, temple_fountains, uniq_pikel, uniq_eustachio

Skill      XL: |  1  2  3 |
---------------+----------+-----
Invocations    | 1 |  1.0
Fighting       | |  6.5
Short Blades   | |  0.8
Long Blades    | |  0.8
Axes           | |  4.5
Maces & Flails | |  0.8
Polearms       | |  0.8
Staves         | |  0.8
Slings         | |  0.8
Bows           | |  0.8
Crossbows      | |  0.8
Throwing       | |  0.8
Armour         | |  6.5
Dodging        | |  0.8
Stealth        | |  0.8
Shields        | |  6.5
Unarmed Combat | |  0.8
Spellcasting   | |  0.8
Conjurations   | |  0.5
Hexes          | |  0.5
Summonings     | |  0.5
Necromancy     | |  0.5
Translocations | |  0.5
Transmutations | |  0.5
Fire Magic     | |  0.5
Ice Magic      | |  0.5
Air Magic      | |  0.5
Earth Magic    | |  0.5
Poison Magic   | |  0.5
Evocations     | |  0.8

Action                   || total
-------------------------++-------
Melee: War axe           ||    66
       Bite              ||     1
  Use: Scroll            ||     1
Armor: Scale mail        ||    32
Dodge: Dodged            ||    21
Block: Buckler           ||    11
